[Event "*** Titled Tuesday Blitz"]
[Site "Chess.com"]
[Date "2021.02.02"]
[Round "4"]
[White "chessdjw"]
[Black "zacachess"]
[Result "0-1"]
[WhiteElo "2578"]
[BlackElo "2427"]
[TimeControl "180+1"]
[EndTime "10:42:15 PST"]
[Termination "zacachess won on time"]

1. c4 Nf6 2. Nc3 g6 3. e4 d6 4. d4 Bg7 5. f3 O-O 6. Be3 c5 7. d5 e6 8. Nge2 a6 9. a4 exd5 10.
cxd5 Nbd7 11. Qd2 Ne5 12. Ng3 h5 13. Be2 h4 14. Nf1 Nh7 15. Bf2 f5 16. exf5 gxf5 17. Ne3 Qf6 18. f4 Ng4 19. Nxg4 fxg4 20. g3 h3 21. O-O Bf5 22. Bd3 Rae8 23. Rfe1 Qg6 24. Bxf5 Qxf5 25. Rxe8 Rxe8 26. Re1 Rxe1+ 27. Qxe1 Bxc3 28.
Qe8+ Nf8 29. bxc3 Qxd5 30. Kf1 Qg2+ 31. Ke2 Qxh2 32. Qh5 Qg2 33. Qxg4+ Kf7 34. Qf5+ Ke8 35. Qc8+ Kf7 36. Qf5+ Ke8 37. Qh5+ Kd8 38. Qh8 h2 39. Qxf8+ Kd7 40. Qf7+ Kc6 41. Qe8+ Kd5 42. Qf7+ Kc6 43.
Qe8+ Kb6 44. Qd8+ Ka7 45. a5 Qe4+ 46. Be3 Qc6 0-1

[Event "*** Titled Tuesday Blitz"]
[Site "Chess.com"]
[Date "2021.02.02"]
[Round "4"]
[White "paulrusan"]
[Black "Enriquack"]
[Result "0-1"]
[WhiteElo "2252"]
[BlackElo "2439"]
[TimeControl "180+1"]
[EndTime "10:42:16 PST"]
[Termination "Enriquack won on time"]

1. e4 c5 2. b4 b6 3. bxc5 bxc5 4. Nc3 Nc6 5. Rb1 g6 6. Nf3 Bg7 7. Bb5 Qc7 8. Nd5 Qd6 9. d3 Nd4 10. Bf4 e5 11. Bd2 Nxb5 12. Rxb5 Ne7 13. c4 Nxd5 14. cxd5 Ba6 15. Rb3 O-O 16. Qe2 Rfc8 17. Rc3 Qb6 18. O-O d6 19. Rb3 Qd8 20. Rc1 Rab8 21. h4 Rxb3 22.
axb3 Rb8 23. Rb1 Rb6 24. h5 Qb8 25. h6 Bf8 26. Ng5 Rxb3 27. Rxb3 Qxb3 28. Qf3 Qb7 29. Qf6 Qe7 30. Qf3 Bxh6 31. Qg3 Bg7 32. f4 h6 33.
Nf3 Bxd3 34. fxe5 dxe5 35. Nxe5 Qxe5 36. Qxd3 Qd4+ 37. Qxd4 Bxd4+ 38. Kf1 h5 39. Ke2 Kg7 40. Kd3 Kf6 41. Bf4 Ke7 42. e5 Kd7 43. Kc4 a6 44. Bh2 Bf2 45. Bf4 Bg1 46. Bg3 Be3 47. Bf4 Bxf4 0-1

[Event "*** Titled Tuesday Blitz"]
[Site "Chess.com"]
[Date "2021.02.02"]
[Round "4"]
[White "MVM2008"]
[Black "DinaBelenkaya"]
[Result "0-1"]
[WhiteElo "2117"]
[BlackElo "2394"]
[TimeControl "180+1"]
[EndTime "10:42:16 PST"]
[Termination "DinaBelenkaya won on time"]

1. e4 d5 2. exd5 Qxd5 3. Nc3 Qd8 4. Nf3 Nf6 5. d4 c6 6. Bc4 Bf5 7. Ne5 e6 8. g4 Bg6 9. h4 Bb4 10. f3 b5 11. Bb3 c5 12. h5 Bxh5 13. gxh5 cxd4 14.
Kf1 Qd6 15. Bf4 dxc3 16. bxc3 Qxd1+ 17. Rxd1 Bxc3 18. a4 a6 19. axb5 axb5 20. Kg2 Nbd7 21. Nxd7 Nxd7 22. Rd3 b4 23. Bc4 Ne5 24. Bb5+ Ke7 25.
Rxc3 bxc3 26. Bxe5 Ra5 27. Bxc3 Rxb5 28. Rd1 Rc5 29. Rd3 Rc4 30. Re3 Rhc8 31. Bxg7 Rg8 32. h6 Rxc2+ 33. Kg3 Rc4 34. f4 f6 35. Kf3 Kf7 36. Ra3 Kg6 37. Re3 Re8 38. Kg4 e5 39. Kf3 Rxf4+ 40. Kg3 Kf5 41. Ra3 Rg4+ 42. Kf3 Rf4+ 43.
Kg3 Rc8 44. Ra6 Rc3+ 0-1

[Event "*** Titled Tuesday Blitz"]
[Site "Chess.com"]
[Date "2021.02.02"]
[Round "4"]
[White "FMOlexandrProhorov"]
[Black "tylityli"]
[Result "1-0"]
[WhiteElo "2150"]
[BlackElo "2329"]
[TimeControl "180+1"]
[EndTime "10:42:16 PST"]
[Termination "FMOlexandrProhorov won by resignation"]

1. e4 e5 2. Nf3 Nc6 3. Bb5 a6 4. Ba4 Nf6 5. O-O Be7 6. d4 exd4 7. e5 Ne4 8. Re1 Nc5 9. Bxc6 bxc6 10.
Qxd4 O-O 11. Nc3 d5 12. exd6 cxd6 13. Be3 Bf5 14. Qd2 d5 15. Nd4 Bd7 16. Rad1 Bd6 17. h3 Qf6 18. b4 Ne6 19. Nxe6 Bxe6 20. a3 Qg6 21. Kh1 h6 22. Ne2 Bf5 23. Nd4 Bd7 24.
Qd3 Qh5 25. Kg1 Rfe8 26. c4 Re4 27. cxd5 cxd5 28. Ne2 Bf5 29. Qxd5 Rd8 30. Qxd6 Rxd6 31. Rxd6 Bxh3 32. Ng3 Qg4 33. gxh3 Qf3 34. Nxe4 Qxe4 35. Rd8+ Kh7 36. Rd4 Qf5 37. Kh2 Qe5+ 38. f4 Qf5 39. Re2 Qe4 40. Rxe4 Kg6 41. Re7 Kf6 42. Ra7 Kf5 43.
Rxa6 Ke4 44. b5 Kf3 45. b6 Kxe2 46. b7 Kxe3 47. b8=Q 1-0

[Event "*** Titled Tuesday Blitz"]
[Site "Chess.com"]
[Date "2021.02.02"]
[Round "4"]
[White "almo64"]
[Black "boasovietica"]
[Result "1-0"]
[WhiteElo "2720"]
[BlackElo "2501"]
[TimeControl "180+1"]
[EndTime "10:42:17 PST"]
[Termination "almo64 won on time"]

1. d4 Nf6 2. Nc3 d5 3. Bf4 c6 4. e3 Bf5 5. Bd3 Bxd3 6. Qxd3 e6 7. O-O-O Bd6 8. Nge2 Bxf4 9. Nxf4 Nbd7 10. g4 Qc7 11.
g5 Ng8 12. h4 O-O-O 13. Kb1 Ne7 14. Nce2 Kb8 15. Ng3 e5 16. dxe5 Qxe5 17. Qd4 Qxd4 18. exd4 Rde8 19. c3 Kc7 20. Rde1 Kd8 21. h5 Nc8 22. g6 hxg6 23. hxg6 Rxh1 24. Rxh1 fxg6 25. Rh7 Re7 26. Nxg6 Rf7 27. f4 Nd6 28. Nh5 Nf6 29.
Rh8+ Kc7 30. Ne5 Re7 31. Kc2 Nxh5 32. Rxh5 Ne4 33. Rh8 Nf6 34. Rf8 Nd7 35. Rg8 b6 36. Kd3 c5 37. Ng6 Rf7 38. Ke3 Nf6 39. Ra8 Kb7 40.
Rd8 Nd7 41. Ne5 1-0

[Event "*** Titled Tuesday Blitz"]
[Site "Chess.com"]
[Date "2021.02.02"]
[Round "4"]
[White "Marcin"]
[Black "andrewtnb"]
[Result "1-0"]
[WhiteElo "2513"]
[BlackElo "2298"]
[TimeControl "180+1"]
[EndTime "10:42:17 PST"]
[Termination "Marcin won by resignation"]

1. d4 e6 2. c4 Nf6 3. Nf3 d5 4.
Nc3 dxc4 5. e4 Bb4 6. Bxc4 Nxe4 7. O-O Nxc3 8. bxc3 Be7 9. Ne5 O-O 10. Re1 Nc6 11. Nxc6 bxc6 12. Rb1 c5 13. d5 exd5 14. Bxd5 Bf5 15.
Rb7 Bd6 16. Qf3 Bg6 17. c4 Rb8 18. Rxa7 Rb1 19. Bd2 Rxe1+ 20. Bxe1 Qe7 21. Qe3 Qf6 22. Bc3 Qf5 23. g3 h5 24. h4 Rb8 25. Kg2 Kh7 26. Rb7 Rxb7 27. Bxb7 Qc2 28. a3 Qb3 29. Be4 Qxa3 30.
Bxg6+ Kxg6 31. Qe4+ f5 32. Qe6+ Kh7 33. Qxf5+ Kg8 34. Qe6+ Kh7 35. Qe4+ Kg8 36. Bd2 Qa1 37. Be3 Qf6 38. Qd5+ Qf7 39. Qxf7+ Kxf7 40. Kf3 g6 41. Ke4 Ke6 42. Bf4 Be7 43. Bxc7 Bf6 44. Bf4 Bd4 45. Be3 Be5 46. Bxc5 1-0

[Event "*** Titled Tuesday Blitz"]
[Site "Chess.com"]
[Date "2021.02.02"]
[Round "4"]
[White "erdni1993"]
[Black "anon569"]
[Result "1-0"]
[WhiteElo "2451"]
[BlackElo "2276"]
[TimeControl "180+1"]
[EndTime "10:42:17 PST"]
[Termination "erdni1993 won on time"]

1. d4 Nf6 2. Nf3 e6 3. e3 b6 4. Be2 Bb7 5. O-O c5 6. Nbd2 Be7 7. b3 O-O 8. Bb2 cxd4 9. Nxd4 d6 10. Bf3 Qc8 11. Bxb7 Qxb7 12. c4 Nbd7 13. Qf3 Qxf3 14. N2xf3 Rfc8 15. Rad1 a6 16. Rfe1 Nc5 17. Ne2 Nfe4 18.
Ng3 b5 19. Nd2 Nxg3 20. hxg3 Nd3 21. Bd4 Nxe1 22. Rxe1 Rab8 23. e4 Bf8 24. f3 a5 25.
Rd1 a4 26. cxb5 Rxb5 27. bxa4 Ra5 28. Nb3 Rxa4 29. Rd2 Rca8 30. Nc1 d5 31. Kh2 Bb4 32. Rc2 dxe4 33. fxe4 Bf8 34. Nb3 Rxa2 35. Rc7 Rb8 36. Nc1 Rd2 37. Be5 Rbd8 38. Nb3 Re2 39. Rc4 Rd3 40. Nc1 Rdd2 41. Nxe2 Rxe2 42. Bf4 f6 43. Bc1 Kf7 44. Rc7+ Kg6 45. Rc4 1-0

[Event "*** Titled Tuesday Blitz"]
[Site "Chess.com"]
[Date "2021.02.02"]
[Round "4"]
[White "VladimirBugayev"]
[Black "Manukyan_Artak"]
[Result "1-0"]
[WhiteElo "2248"]
[BlackElo "2423"]
[TimeControl "180+1"]
[EndTime "10:42:18 PST"]
[Termination "VladimirBugayev won on time"]

1. e4 c6 2. d4 d5 3. exd5 cxd5 4. Bd3 Nc6 5. c3 e5 6. dxe5 Nxe5 7. Qe2 Qe7 8. Bb5+ Nc6 9. Bg5 f6 10. Be3 a6 11. Ba4 Be6 12. Nf3 Qd6 13. Nd4 Ne7 14.
Nd2 Bd7 15. Bc2 O-O-O 16. O-O-O Nxd4 17. Bxd4 Nc6 18. Nb3 Re8 19. Qd2 Nxd4 20. Nxd4 Kb8 21. h3 g5 22. Rhe1 Rxe1 23. Rxe1 h5 24. Nf5 Bxf5 25.
Bxf5 Bh6 26. Kc2 g4 27. Qd3 Qf4 28. Qg3 Qxg3 29. fxg3 gxh3 30. gxh3 h4 31. gxh4 Bf4 32. Re7 Rxh4 33. Be6 Bc7 34. Rf7 Rf4 35. Bxd5 Rf2+ 36. Kb3 a5 37. a4 Kc8 38. Be6+ Kd8 39. Bg4 Be5 40. Rxb7 f5 41. Bh5 f4 42. Rf7 Rh2 43. Bg4 1-0

[Event "*** Titled Tuesday Blitz"]
[Site "Chess.com"]
[Date "2021.02.02"]
[Round "4"]
[White "pavelalexandru07"]
[Black "Papullon"]
[Result "1-0"]
[WhiteElo "2332"]
[BlackElo "2129"]
[TimeControl "180+1"]
[EndTime "10:42:18 PST"]
[Termination "pavelalexandru07 won on time"]

1. e4 c5 2. Nc3 g6 3. g3 Bg7 4. Bg2 Nc6 5. d3 e5 6. Nge2 Nge7 7. O-O d6 8. Nd5 Nxd5 9. exd5 Ne7 10. c4 O-O 11. Nc3 a6 12. a4 f5 13. Qc2 f4 14.
Be4 f3 15. Qd1 Bg4 16. a5 Qd7 17. Re1 Bh5 18. Kh1 Bg4 19. Bg5 h6 20. Bxe7 Qxe7 21. Qd2 Rf7 22. Nd1 Raf8 23. Ne3 Bh3 24. Rg1 h5 25.
Bxg6 Bh6 26. Rge1 Qg5 27. Be4 Bg2+ 28. Kg1 h4 29. g4 Qf4 30. Red1 Rg7 31. Bf5 h3 32. b4 cxb4 33. Be6+ Kh8 34. Nf5 Qxd2 35. Rxd2 Rxf5 36. Bxf5 Bxd2 37. Rd1 Bc3 38. c5 dxc5 39.
d6 b3 40. d7 Bxa5 41. Ra1 1-0

[Event "*** Titled Tuesday Blitz"]
[Site "Chess.com"]
[Date "2021.02.02"]
[Round "4"]
[White "Kovalchuk94"]
[Black "bsnsun"]
[Result "1-0"]
[WhiteElo "2638"]
[BlackElo "2477"]
[TimeControl "180+1"]
[EndTime "10:42:19 PST"]
[Termination "Kovalchuk94 won by resignation"]

1. e4 c5 2. Nf3 Nc6 3. d4 cxd4 4. Nxd4 Qb6 5. Nb3 e6 6. Nc3 Nf6 7. Bd3 Be7 8. O-O d6 9. Kh1 a6 10. f4 O-O 11. Qe2 Qc7 12. Bd2 b5 13. Rae1 b4 14. Nd1 g6 15. e5 dxe5 16. fxe5 Nh5 17. Bh6 Ng7 18. Nf2 f5 19. exf6 Bxf6 20. Ng4 Be7 21.
Rxf8+ Bxf8 22. Nf6+ Kh8 23. Rf1 Bb7 24. Bxg7+ Bxg7 25. Nxh7 Qe5 26. Qg4 Ne7 27. Ng5 Kg8 28. Qh4 Nf5 29. Qh7+ Kf8 30. Qxg6 Ke7 31. Qf7+ Kd6 32.
Qxb7 Ng3+ 33. hxg3 Rh8+ 34. Nh3 Qxg3 35. Qxa6+ Ke7 36.
Qb7+ Kd6 37. Qf3 Be5 38. Qxg3 Bxg3 39. Nd2 Rd8 40. Ne4+ Ke5 41. Nxg3 b3 42. axb3 Kd4 43. Re1 e5 44. Re4+ Kd5 45. Ng5 Rf8 46. Nf3 Rh8+ 47.
Kg1 Kd6 48. Rxe5 Ra8 49. Re1 Ra2 50. Kf2 Rxb2 51. Ke3 Ra2 52. Ne4+ Kd5 53. Nc3+ Kc5 54. Nxa2 1-0

[Event "*** Titled Tuesday Blitz"]
[Site "Chess.com"]
[Date "2021.02.02"]
[Round "4"]
[White "TregubovP"]
[Black "floplover"]
[Result "1-0"]
[WhiteElo "2586"]
[BlackElo "2318"]
[TimeControl "180+1"]
[EndTime "10:42:19 PST"]
[Termination "TregubovP won by resignation"]

1. e4 c6 2. Nf3 d5 3. Nc3 Nf6 4. e5 Ne4 5. d4 Nxc3 6. bxc3 c5 7. c4 cxd4 8. cxd5 Qxd5 9. Qxd4 Qxd4 10. Nxd4 a6 11. Be2 e6 12. Rb1 Nd7 13. f4 Bc5 14. Be3 b6 15. Bf3 Rb8 16. Ke2 Bb7 17.
Rhd1 Bxf3+ 18. Kxf3 Rb7 19. Nb3 Bxe3 20. Kxe3 Ke7 21.
Rd4 Rc8 22. Rb2 Rbc7 23. Kd2 Rc4 24. g3 h5 25. Rxc4 Rxc4 26. Kd3 Rc8 27. a4 h4 28. a5 hxg3 29. hxg3 b5 30. Rb1 Rh8 31. Rg1 Rh3 32.
Kd4 g5 33. fxg5 Rh5 34. Nc5 Rxg5 35. Nxa6 Rxe5 36. Nb4 Rg5 37. a6 Rg4+ 38. Kc3 Nb6 39. a7 Rg8 40. Ra1 Ra8 41. Kd4 Kd6 42. Ra6 Kc7 43.
Kc5 Nc8 44. Nc6 b4 45. Kxb4 Kb7 46. Ka5 f5 47. c4 Nd6 48. c5 Nc4+ 49. Kb5 e5 50.
Nb4 Nd2 51. c6+ Kc8 52. Nd5 Ne4 53. Nb6+ Kd8 54. Nxa8 1-0

[Event "*** Titled Tuesday Blitz"]
[Site "Chess.com"]
[Date "2021.02.02"]
[Round "4"]
[White "doons21"]
[Black "Fischerev7"]
[Result "0-1"]
[WhiteElo "2541"]
[BlackElo "2377"]
[TimeControl "180+1"]
[EndTime "10:42:19 PST"]
[Termination "Fischerev7 won by resignation"]

1. e4 c5 2. c3 Nf6 3. e5 Nd5 4. d4 cxd4 5. Nf3 Nc6 6. Bc4 Nb6 7. Bb3 d5 8. exd6 Qxd6 9. O-O d3 10. Na3 a6 11. Re1 Bf5 12. Be3 Na5 13. Nd4 Bg6 14.
Qf3 Nxb3 15. Nxb3 Qc7 16. h4 f6 17. Na5 Rb8 18. Bxb6 Qxb6 19. N3c4 Qc7 20. Nxb7 Rxb7 21. Qxb7 Qxc4 22. b3 Qxc3 23. Rec1 Qe5 24. Rc8+ Kf7 25. Rf1 Bf5 26. Ra8 Be4 27. Qxa6 Bxa8 28. Qxa8 g5 29. Qa6 gxh4 30. Qxd3 Rg8 31. Qc4+ Qe6 32. Qxh4 h6 33. Qh5+ Rg6 34. Rd1 Kg7 35. Qf3 Qg4 36. Qxg4 Rxg4 37. Rd3 e5 38. f3 Rd4 39. Rxd4 exd4 40. Kf1 f5 41. Ke2 Kf6 42. f4 Ke6 43. Kd3 Kd5 44. a4 Bb4 45. g3 h5 0-1

[Event "*** Titled Tuesday Blitz"]
[Site "Chess.com"]
[Date "2021.02.02"]
[Round "4"]
[White "KeithArkell"]
[Black "ViktoriyaTarasova"]
[Result "0-1"]
[WhiteElo "2412"]
[BlackElo "2302"]
[TimeControl "180+1"]
[EndTime "10:42:19 PST"]
[Termination "ViktoriyaTarasova won by resignation"]

1. d4 Nf6 2. Nf3 e6 3. c4 b6 4. g3 Ba6 5. b3 d5 6. cxd5 exd5 7. Bg2 Bb4+ 8. Bd2 Be7 9. O-O O-O 10. Bg5 Nbd7 11.
Nbd2 h6 12. Bxf6 Bxf6 13. Rc1 c5 14. Re1 Rc8 15. e3 Re8 16. a3 Qe7 17. Nb1 Red8 18.
Nc3 Bb7 19. dxc5 Nxc5 20. Nb5 a6 21. Nbd4 Ne4 22. Qd3 Qxa3 23. Qb1 Qf8 24. Qd3 Rxc1 25. Rxc1 Rc8 26. Qb1 Rxc1+ 27. Qxc1 Qc8 28. Qb1 g6 29. h4 Qc3 30. Bf1 Kg7 31. Kg2 Nd2 32.
Nxd2 Qxd2 33. Qa1 a5 34. Bb5 Qb4 35. Qa4 Qxa4 36. bxa4 Kf8 37. Bc6 Bxc6 38. Nxc6 Ke8 39. Kf3 Kd7 40. Na7 Kd6 41. Ke2 Kc5 42. Kd3 Kb4 43.
Nc8 Bd8 44. Kd4 Kxa4 45. Kxd5 b5 46. Kd4 b4 47. Nd6 Bf6+ 48. Kd3 b3 49. Ne4 Bg7 50. Kd2 Ka3 51. Kc1 Ka2 0-1

[Event "*** Titled Tuesday Blitz"]
[Site "Chess.com"]
[Date "2021.02.02"]
[Round "4"]
[White "Alex_Molchanov"]
[Black "KRSilva"]
[Result "0-1"]
[WhiteElo "2458"]
[BlackElo "2215"]
[TimeControl "180+1"]
[EndTime "10:42:19 PST"]
[Termination "KRSilva won by resignation"]

1. d4 d5 2. Nf3 Nf6 3. c4 e6 4. Nc3 Be7 5. Bf4 a6 6. e3 dxc4 7. Bxc4 b5 8. Bd3 Bb7 9. O-O O-O 10. a3 c5 11. dxc5 Bxc5 12. Be2 h6 13. Qc2 Nbd7 14. Rad1 Rc8 15. Ne5 Qe8 16. Nxd7 Nxd7 17. Qb1 Nf6 18. Be5 Nd5 19. Nxd5 Bxd5 20. Bd3 Qe7 21. Be4 Bb3 22. Rd2 Qg5 23. Bf4 Qe7 24. Rc1 Rfd8 25. Rxd8+ Rxd8 26. Bf3 Bb6 27. Qe4 Bd5 28. Qc2 Bc4 29. Be2 Bd5 30. Bd3 e5 31. Bg3 e4 32. Be2 Qe6 33. h3 f5 34. Bd1 Qg6 35. Qe2 Bc4 36. Qh5 Qf6 37. Bh4 g5 38. Bg3 f4 39. exf4 gxf4 40. Bh4 Qd6 41.
Bxd8 Qxd8 42. Qg6+ Kf8 43. Bh5 e3 44. Qf7+ Bxf7 0-1

[Event "*** Titled Tuesday Blitz"]
[Site "Chess.com"]
[Date "2021.02.02"]
[Round "4"]
[White "IDontWannaRecognized"]
[Black "Djager97"]
[Result "0-1"]
[WhiteElo "2263"]
[BlackElo "2577"]
[TimeControl "180+1"]
[EndTime "10:42:20 PST"]
[Termination "Djager97 won by checkmate"]

1. d4 Nf6 2. Bf4 d5 3. e3 c5 4.
Nf3 Nc6 5. Nbd2 Qb6 6. dxc5 Qxb2 7. Rb1 Qc3 8. Bd3 g6 9. O-O Bg7 10. Rb3 Qa5 11. Rb5 Qd8 12. Ne5 O-O 13. Ndf3 Nh5 14.
Qb1 f6 15. Nxg6 hxg6 16. Bxg6 Nxf4 17. exf4 Bg4 18. Nh4 Nd4 19. Rxb7 Rb8 20. c3 Ne2+ 21. Kh1 Kh8 22. Bd3 Nxf4 23. c6 Qd6 24. Bf5 Rxb7 25. cxb7 Bh5 26. g3 Ne6 27. Bg6 Bg4 28. Bf5 Bh5 29. Bg6 Be2 30. Bd3 Bxd3 31. Qxd3 Rb8 32. Qg6 Rxb7 33. Nf5 Qe5 34. Kg2 Qe4+ 35. f3 Rb2+ 36. Kh3 Qe2 37. Re1 Qxh2+ 38. Kg4 Qh7 39. Rxe6 Qxg6+ 40. Kf4 Qg5# 0-1

[Event "*** Titled Tuesday Blitz"]
[Site "Chess.com"]
[Date "2021.02.02"]
[Round "4"]
[White "sokidze"]
[Black "Abdimalik_Abdisalimov"]
[Result "1-0"]
[WhiteElo "2509"]
[BlackElo "2333"]
[TimeControl "180+1"]
[EndTime "10:42:21 PST"]
[Termination "sokidze won on time"]

1. d4 Nf6 2. g3 g6 3. Bg2 Bg7 4.
e4 d6 5. Nc3 O-O 6. Nge2 Nc6 7.
d5 Nb8 8. O-O e6 9. dxe6 fxe6 10. f4 Nc6 11. h3 Qe7 12. g4 Bd7 13. Ng3 Rae8 14. g5 Nh5 15. Nxh5 gxh5 16. Be3 Qf7 17. h4 h6 18. Bf3 hxg5 19. Bxh5 Qe7 20. hxg5 Rd8 21.
Bg6 Be8 22. Bxe8 Rdxe8 23. Qh5 d5 24. exd5 Bxc3 25. dxc6 Bxb2 26. Rab1 Bg7 27. cxb7 c5 28. g6 Bd4 29. Bxd4 cxd4 30. Kg2 Rb8 31. g7 Qxg7+ 32.
Kf3 Rxb7 33. Rbe1 Rbf7 34. Rg1 Rxf4+ 35. Ke2 Rf2+ 36. Kd1 Rg2 37. Rxg2 Qxg2 38. Qe5 Qg6 39. Qe2 Rf6 40. Qh2 Kf7 41. Rg1 1-0

[Event "*** Titled Tuesday Blitz"]
[Site "Chess.com"]
[Date "2021.02.02"]
[Round "4"]
[White "Mazanchenko_Dmitry"]
[Black "Gmedmundo"]
[Result "0-1"]
[WhiteElo "2131"]
[BlackElo "2395"]
[TimeControl "180+1"]
[EndTime "10:42:21 PST"]
[Termination "Gmedmundo won on time"]

1. e4 c5 2. Ne2 Nc6 3. Nbc3 Nf6 4. d4 cxd4 5. Nxd4 d6 6. Bg5 e6 7. Qd2 a6 8. O-O-O Bd7 9. Kb1 b5 10. a3 Be7 11. Bxf6 Bxf6 12. Nxc6 Bxc6 13. Qxd6 Qxd6 14.
Rxd6 Rc8 15. f3 Ke7 16. Rd3 a5 17. f4 Bxc3 18. Rxc3 Bxe4 19. Bxb5 Rxc3 20. bxc3 Bxg2 21. Rg1 Be4 22. Rg5 Bf5 23. Bd3 Kf6 24. Bxf5 exf5 25. Rg3 Re8 26. Rd3 Re4 27. Rd4 h6 28. h4 Ke6 29.
Kc1 Re1+ 30. Kd2 Rh1 31. Ra4 Rxh4 32. Rxa5 Rxf4 33. Ra6+ Ke5 34. Ke3 Re4+ 35. Kf3 Rc4 36. Ra5+ Kf6 37. Ra6+ Kg5 38. Ra7 Rxc3+ 39. Ke2 Kg6 40. Kd2 Rc6 41. a4 h5 42. a5 h4 43. Rb7 Rc5 44. a6 Ra5 45. a7 h3 46.
Rb6+ Kg5 47. Rb1 Rxa7 48. Rg1+ Kh4 49. Rxg7 Ra4 50. Rxf7 h2 51. Rh7+ Kg3 0-1

[Event "*** Titled Tuesday Blitz"]
[Site "Chess.com"]
[Date "2021.02.02"]
[Round "4"]
[White "RD4ever"]
[Black "azikom"]
[Result "1/2-1/2"]
[WhiteElo "2855"]
[BlackElo "2668"]
[TimeControl "180+1"]
[EndTime "10:42:22 PST"]
[Termination "Game drawn - insufficient material"]

1. d4 d5 2. c4 c6 3. Nf3 Nf6 4. Qb3 dxc4 5. Qxc4 Bf5 6. g3 e6 7. Bg2 Nbd7 8. O-O Be7 9. e3 O-O 10. Rd1 h6 11. Qe2 Bh7 12. Nc3 Ne4 13. Ne1 Nxc3 14. bxc3 Qc7 15. a4 Rfd8 16. Ba3 Bxa3 17. Rxa3 c5 18. Nd3 Rab8 19. Ra2 b6 20. Rad2 Nf6 21. dxc5 bxc5 22. Nf4 Rxd2 23. Qxd2 Be4 24. f3 Bc6 25.
Qd6 Qxd6 26. Rxd6 Bxa4 27. Ra6 Rb1+ 28. Kf2 Rb2+ 29. Kg1 Bb5 30. Rxa7 g5 31. Nh3 Nd5 32. f4 Nxe3 33. Be4 g4 34. Nf2 Be2 35. h3 h5 36.
hxg4 hxg4 37. Rb7 Ra2 38. Rb1 Bf3 39. Re1 Nd5 40. Bxf3 gxf3 41. c4 Re2 42. Rxe2 fxe2 43. Nd3 Nb6 44. Kf2 Nxc4 45. Kxe2 f5 46. Nxc5 Kf7 47. Nd3 Kf6 48. Kf3 e5 49. fxe5+ Nxe5+ 50. Nxe5 Kxe5 51. g4 fxg4+ 52. Kxg4 1/2-1/2

[Event "*** Titled Tuesday Blitz"]
[Site "Chess.com"]
[Date "2021.02.02"]
[Round "4"]
[White "korkmaz16"]
[Black "TimKett"]
[Result "1-0"]
[WhiteElo "2410"]
[BlackElo "2181"]
[TimeControl "180+1"]
[EndTime "10:42:23 PST"]
[Termination "korkmaz16 won on time"]

1. e4 e5 2. Nf3 Nc6 3. Bb5 a6 4.
Bxc6 dxc6 5. O-O f6 6. d4 exd4 7. Nxd4 c5 8. Ne2 Qxd1 9. Rxd1 Bd7 10. Nbc3 O-O-O 11. Bf4 Bc6 12. Rxd8+ Kxd8 13. Rd1+ Kc8 14. Nd5 Bd6 15. Bxd6 cxd6 16. Nef4 Nh6 17. Nh5 Re8 18. f3 Bxd5 19. Rxd5 Re5 20. Rxe5 fxe5 21. Nxg7 Kd7 22.
c4 b5 23. b3 Nf7 24. Kf2 Nd8 25. Ke3 Nc6 26. cxb5 axb5 27. a4 b4 28. Kd3 Na5 29.
Kc2 d5 30. exd5 Kd6 31. Ne8+ Kxd5 32. Nf6+ Kd4 33. Nxh7 c4 34. bxc4 Kxc4 35. Nf6 b3+ 36. Kb1 Kb4 37. h4 Nc4 38. Nd5+ Ka3 39. Nc3 b2 40.
Kc2 Ne3+ 41. Kd3 Kb3 42. Nb1 Nd5 43. g4 Ka2 44. Nd2 Nb4+ 45. Kc4 Nc6 46. h5 Nd4 47. h6 Nxf3 48. Nb1 1-0

[Event "*** Titled Tuesday Blitz"]
[Site "Chess.com"]
[Date "2021.02.02"]
[Round "4"]
[White "Grandmaster2B"]
[Black "Kotofeyca"]
[Result "1/2-1/2"]
[WhiteElo "2597"]
[BlackElo "2401"]
[TimeControl "180+1"]
[EndTime "10:42:24 PST"]
[Termination "Game drawn by repetition"]

1. e4 c5 2. Nf3 d6 3. d4 cxd4 4. Nxd4 Nf6 5. Nc3 a6 6. f3 e5 7. Nb3 b5 8. a4 b4 9. Nd5 a5 10. Be3 Nbd7 11. Bb5 Rb8 12. Nxf6+ gxf6 13. Qd3 Be7 14. O-O-O O-O 15. g4 Kh8 16. h4 Qc7 17. g5 Nc5 18. Nxc5 dxc5 19. gxf6 Bxf6 20. Bh6 Rd8 21. Qe2 Be6 22. Bg5 Qe7 23. Qe3 Rd4 24.
f4 exf4 25. Qxf4 Bxg5 26. hxg5 Rbd8 27. Rxd4 Rxd4 28. c3 bxc3 29. bxc3 Rd8 30. Qh4 f5 31. gxf6 Qf7 32. e5 Bf5 33. Bc4 Qd7 34. Qf2 Qc7 35.
Qxf5 Qb7 36. Qf1 Rb8 37. Kc2 Qb2+ 38. Kd3 Rd8+ 39. Ke4 Qd2 40. Qf5 Qc2+ 41. Kf4 Qf2+ 42. Kg4 Qg2+ 43. Kf4 Qf2+ 44. Ke4 Qc2+ 45. Kf4 Qf2+ 1/2-1/2

[Event "*** Titled Tuesday Blitz"]
[Site "Chess.com"]
[Date "2021.02.02"]
[Round "4"]
[White "MaevskiyNikolay"]
[Black "PavelChernomordik"]
[Result "0-1"]
[WhiteElo "2580"]
[BlackElo "2389"]
[TimeControl "180+1"]
[EndTime "10:42:24 PST"]
[Termination "PavelChernomordik won by checkmate"]

1. d4 g6 2. e4 Bg7 3. Nc3 d6 4. Be3 a6 5. a4 b6 6. f3 Bb7 7. Qd2 Nd7 8. Bc4 e6 9. h4 h6 10. Nge2 Ne7 11. g4 d5 12. Bd3 c5 13. exd5 exd5 14. b3 Qc7 15. Bf4 Qc6 16. O-O cxd4 17. Nd1 Qf6 18. Bg3 Nc6 19. Nf4 Nce5 20. Kg2 O-O 21.
h5 g5 22. Nh3 Rae8 23. Nb2 Nc5 24.
Bf5 Bc8 25. Bxc8 Rxc8 26. Qxd4 Nxg4 27. Qxf6 Nxf6 28. Rad1 Nxh5 29. Nd3 Ne6 30. Rf2 f5 31. Be5 Bxe5 32. Nxe5 Nhf4+ 33. Nxf4 Nxf4+ 34. Kg3 Rfe8 35. Nd7 Rc6 36. a5 bxa5 37. Rfd2 Re7 38. Rxd5 Nxd5 39. Rxd5 Rxc2 40. Ne5 Kg7 41. Rxa5 Kf6 42. Nc4 Ree2 43.
Rxa6+ Kg7 44. Ra7+ Kg6 45. Ra6+ Kh5 46. f4 g4 47. Rd6 Rg2# 0-1

[Event "*** Titled Tuesday Blitz"]
[Site "Chess.com"]
[Date "2021.02.02"]
[Round "4"]
[White "Eloist"]
[Black "Mops_2004"]
[Result "1-0"]
[WhiteElo "2358"]
[BlackElo "2519"]
[TimeControl "180+1"]
[EndTime "10:42:24 PST"]
[Termination "Eloist won by resignation"]

1. e4 d6 2. d4 Nf6 3. Nc3 g6 4. Nf3 Bg7 5. Be2 O-O 6. O-O c6 7. a4 Qc7 8. a5 Nbd7 9. Be3 Rb8 10.
h3 b5 11. axb6 axb6 12. d5 Bb7 13. Nd4 cxd5 14. Ndb5 Qc8 15. exd5 Nc5 16. Bf3 Ra8 17.
Qd2 Qf5 18. Rxa8 Rxa8 19. b4 Nfe4 20. Nxe4 Nxe4 21. Qd3 Nc3 22. Qxf5 gxf5 23. Nxc3 Bxc3 24. Bxb6 Bxb4 25. Rb1 Bc3 26. Be3 Ba6 27. Rb3 Be5 28. Ra3 Bb7 29. Rxa8+ Bxa8 30. c4 Kf8 31. Kf1 Ke8 32.
Ke2 Bb7 33. Kd3 Bc8 34. Bd1 f4 35. Bd4 Bf5+ 36. Kc3 f6 37. Bg4 Bxg4 38. hxg4 f5 39. Bxe5 dxe5 40. gxf5 f3 41. g4 Kd7 42. c5 h6 43. Kd3 1-0

[Event "*** Titled Tuesday Blitz"]
[Site "Chess.com"]
[Date "2021.02.02"]
[Round "4"]
[White "chegueps"]
[Black "leoduarte"]
[Result "0-1"]
[WhiteElo "2499"]
[BlackElo "2352"]
[TimeControl "180+1"]
[EndTime "10:42:24 PST"]
[Termination "leoduarte won by checkmate"]

1. e4 c5 2. Nf3 Nc6 3. d4 cxd4 4. Nxd4 g6 5. c4 Bg7 6. Be3 Nf6 7. Nc3 d6 8. f3 O-O 9. Be2 Bd7 10.
O-O Nxd4 11. Bxd4 a5 12. b3 Bc6 13. Rc1 Nd7 14. Bxg7 Kxg7 15. Qd4+ Kg8 16. Rfd1 Nc5 17. f4 b6 18. Bf3 Re8 19. Nd5 e5 20. Qd2 Bxd5 21.
Qxd5 exf4 22. e5 dxe5 23. Qxa8 Qxa8 24. Bxa8 Rxa8 25. Rd6 Rb8 26. Rcd1 Kg7 27. Rb1 g5 28. b4 Ne4 29. Rc6 Nc3 30. Rb3 Ne2+ 31. Kf2 Nd4 32.
Rd6 Nxb3 33. axb3 axb4 34. Rd5 Kf6 35. Rb5 e4 36. c5 Rd8 37. Rxb6+ Ke5 38. Rxb4 e3+ 39.
Kf3 Rd2 40. c6 f5 41. Rb5+ Ke6 42. c7 Rf2# 0-1

[Event "*** Titled Tuesday Blitz"]
[Site "Chess.com"]
[Date "2021.02.02"]
[Round "4"]
[White "Trickov"]
[Black "klimkoj"]
[Result "1-0"]
[WhiteElo "2402"]
[BlackElo "2554"]
[TimeControl "180+1"]
[EndTime "10:42:26 PST"]
[Termination "Trickov won on time"]

1. d4 Nf6 2. Nf3 e6 3. g3 b6 4. Bg2 Bb7 5. O-O Be7 6. c4 O-O 7. Nc3 Ne4 8. d5 Nxc3 9. bxc3 exd5 10. cxd5 d6 11. Nd4 Nd7 12. Nc6 Bxc6 13. dxc6 Nc5 14. Be3 Bf6 15. Bd4 Qe7 16. Qc2 Rfe8 17. e3 a5 18. Rfd1 Qe6 19. Bxc5 bxc5 20. Rab1 Qe5 21. Rb7 Re7 22. c4 Qe6 23. Rdb1 g6 24. Bd5 Qc8 25.
Qb3 Re8 26. Qa4 Kg7 27. R1b5 Bc3 28. Qb3 Bf6 29. Qa3 a4 30. Qc1 a3 31. Qc2 Re7 32.
Qb3 Bb2 33. Rb8 Rxb8 34. Rxb8 Qf5 35. Kg2 Qe5 36. Rc8 Bc1 37. Rd8 Qb2 38. Rb8 Qxb3 39. Rxb3 Bb2 40. Rb8 h6 41. Rd8 Kf6 42. Rc8 Kg7 43. Rb8 Kf6 44. h4 Kg7 45. Rb7 Kf8 46. Kf3 h5 47. Kf4 Be5+ 48. Kf3 1-0